 Dungeon Crawl Stone Soup version 0.23-a0-760-g92239d2 (webtiles) character file.

113 SmSkdm the Insei (level 5, -9/35 HPs)
             Began as a Kitsune Transmuter on May 12, 2019.
             Was an Initiate of Wu Jian.
             Mangled by a gnoll
             ... wielding a +0 spear
              (10 damage)
             ... on level 2 of the Dungeon.
             The game lasted 00:06:50 (2627 turns).

SmSkdm the Insei (Kitsune Transmuter)               Turns: 2627, Time: 00:06:51

Health: -9/35      AC:  2    Str:  8    XL:     5   Next: 17%
Magic:  1/8        EV: 12    Int: 17    God:    Wu Jian [......]
Gold:   81         SH:  0    Dex: 16    Spells: 2/8 levels left

rFire    . . .     SeeInvis .     - Unarmed
rCold    . . .     Gourm    .   (no shield)
rNeg     . . .     Faith    .   b - +0 robe
rPois    .         Spirit   .   (helmet restricted)
rElec    .         Reflect  .   (no cloak)
rCorr    .         Harm     .   (no gloves)
MR       .....                  (boots currently unavailable)
Stlth    +.........             (no amulet)
HPRegen  0.11/turn              (no ring)
MPRegen  0.11/turn              (no ring)

@: exhausted, appendage, very slightly contaminated
A: charm monsters, no helmets, claws 1, talons 3
a: Charm Monsters, End Transformation, Renounce Religion


You were on level 2 of the Dungeon.
You worshipped Wu Jian.
Wu Jian was noncommittal.
You were not hungry.
You had grown temporary talons.
You visited 1 branch of the dungeon, and saw 2 of its levels.

You collected 81 gold pieces.

Inventory:

Missiles
 a - 38 arrows
 e - 76 stones (quivered)
Armour
 b - a +0 robe (worn)
Scrolls
 c - 3 scrolls of identify {unknown}
 h - a scroll of remove curse {unknown}
 i - a scroll of enchant armour {unknown}
 j - a scroll of magic mapping {unknown}
 l - a scroll of teleportation {unknown}
 m - a scroll of random uselessness {unknown}
Potions
 f - a potion of brilliance {unknown}
 g - a potion of resistance {unknown}
 k - 2 potions of mutation {unknown}
Comestibles
 d - 2 rations


   Skills:
 + Level 2.6 Fighting
 - Level 1.5 Dodging
 + Level 4.0 Unarmed Combat
 - Level 2.4 Spellcasting
 - Level 2.1 Transmutations


You had 2 spell levels left.
You knew the following spells:

 Your Spells              Type           Power        Failure   Level  Hunger
a - Beastly Appendage     Tmut           #.....       8%          1    #......
b - Sticks to Snakes      Tmut           #.......     12%         2    ##.....
c - Spider Form           Tmut/Pois      #.........   34%         3    ###....

Your spell library contained the following spells:

 Spells                   Type           Power        Failure   Level  Hunger
 Ice Form                 Ice/Tmut       #.......     75%         4    #####..
 Blade Hands              Tmut           #.........   91%         5    ######.


Dungeon Overview and Level Annotations

Branches:
Dungeon (2/15)

Altars:
Wu Jian


Innate Abilities, Weirdness & Mutations

You can charm monsters.
You have fox ears (no helmets).
You have sharp fingernails.
You have claws for feet.


Message History

Unknown command.
Unknown command.
You eat one of the 3 rations.
That ration really hit the spot!
The gnoll hits you with a +0 spear!
Casting: Spider Form (safe; 34% risk of failure)
Confirm with . or Enter, or press ? or * to list all spells.
You don't have enough magic to cast that spell.
Unknown command.
Casting: Spider Form (safe; 34% risk of failure)
Confirm with . or Enter, or press ? or * to list all spells.
Your feet morph into talons.
The gnoll hits you with a +0 spear!
* * * LOW HITPOINT WARNING * * *
Unknown command.
Unknown command.
Unknown command.
Unknown command.
The gnoll resists with some effort.
The gnoll hits you with a +0 spear.
* * * LOW HITPOINT WARNING * * *
The gnoll hits you from afar with a +0 spear!
You die...

...##...###........>.........####
...##....##......................
......._.......................##
....##....##.#....#.........##.##
....###...##................##..#
....###.####...=.....#......###..
........####...g............# ###
...............<............#####
..............#.@.....≈≈≈....≈≈≈≈
....##........#......#.....≈≈.≈.≈
....##.....).........#..≈≈≈≈≈≈≈≈≈
....##........#......#..≈≈≈≈≈≈≈≈≈
######........#......#..≈≈≈≈≈≈≈≈≈
#........#......#≈.≈≈≈.≈≈≈≈≈
##########.......≈≈≈≈≈♣_.≈≈≈
#######..≈≈≈≈.≈.≈≈≈ #.≈≈≈≈≈≈≈≈≈≈≈


You could see a gnoll.

Vanquished Creatures
  Natasha (twice) (D:2)
  3 gnolls
  3 worms (D:2)
  A bat (D:1)
  A giant cockroach (D:1)
  A goblin (D:1)
  2 hobgoblins (D:1)
  2 jackals (D:1)
  2 quokkas (D:2)
  4 frilled lizards
  2 kobolds
  3 rats (D:1)
26 creatures vanquished.

Vanquished Creatures (collateral kills)
  An adder (D:2)
  A hobgoblin (D:2)
  A kobold (D:2)
3 creatures vanquished.

Grand Total: 29 creatures vanquished

Notes
Turn   | Place    | Note
-------+----------+-------------------------------------------
     0 | D:1      | SmSkdm the Kitsune Transmuter began the quest for the Orb.
     0 | D:1      | Reached XP level 1. HP: 12/12 MP: 3/3
    41 | D:1      | Reached skill level 1 in Fighting
   344 | D:1      | Reached XP level 2. HP: 18/18 MP: 5/5
   408 | D:1      | Reached skill level 3 in Unarmed Combat
  1180 | D:2      | Noticed Natasha
  1286 | D:2      | Found a faded altar of an unknown god.
  1429 | D:2      | Reached XP level 3. HP: 20/23 MP: 6/6
  1470 | D:2      | Learned a level 2 spell: Sticks to Snakes
  1474 | D:2      | Learned a level 3 spell: Spider Form
  1484 | D:2      | Killed Natasha
  1503 | D:2      | Found an ornate altar of the Wu Jian Council.
  1551 | D:2      | Became a worshipper of the Wu Jian Council
  1593 | D:2      | Reached XP level 4. HP: 7/29 MP: 2/7
  2191 | D:2      | Noticed Natasha
  2197 | D:2      | Killed Natasha
  2424 | D:2      | Reached XP level 5. HP: 20/35 MP: 5/8
  2431 | D:1      | Reached skill level 4 in Unarmed Combat
  2626 | D:2      | HP: 1/35 [gnoll/+0 spear (4)]
  2627 | D:2      | Mangled by a gnoll

Vault maps used:
D:1:      nicolae_arrival_washed_ashore, minmay_misc_feat_five
D:2:      nicolae_overflow_crystal_walls, chequers_ecumenical_altar_island,
          grunt_dithmenos_smoke, uniq_natasha

Skill      XL: |  1  2  3  4  5 |
---------------+----------------+-----
Fighting       | 1 2 |  2.6
Unarmed Combat | 3 4 |  4.0
Dodging        | |  1.5
Spellcasting   | |  2.4
Transmutations | |  2.1

Action                   |  1- 3 |  4- 6 || total
-------------------------+-------+-------++-------
Melee: Unarmed           |    79 |    28 ||   107
       Headbutt          |     2 |       ||     2
Throw: Stone             |       |     3 ||     3
 Cast: Beastly Appendage |     2 |     1 ||     3
       Spider Form       |     2 |     5 ||     7
       Sticks to Snakes  |     1 |     1 ||     2
Invok: Lunge             |       |     2 ||     2
 Abil: Charm Monsters    |     1 |     1 ||     2
 Stab: Sleeping          |     4 |       ||     4
  Eat: Chunk             |     1 |       ||     1
       Ration            |     1 |     1 ||     2
Armor: Robe              |     6 |       ||     6
       Skin              |     1 |     1 ||     2
Dodge: Dodged            |    41 |    12 ||    53

Table legend:
 A = Non-vault XP
 B = Vault XP
 C = Vault XP percentage of total XP
 D = Non-vault monster count
 E = Vault monster count
 F = Vault count percentage of total count
                 A         B        C        D         E       F
            +---------+---------+-------+---------+---------+-------
      Total |     127 |      35 |  21.6 |      28 |       1 |   3.4
            +---------+---------+-------+---------+---------+-------
        D:1 |      35 |       0 |   0.0 |      15 |       0 |   0.0
        D:2 |      92 |      35 |  27.6 |      13 |       1 |   7.1
            +---------+---------+-------+---------+---------+-------
